 Dungeon Crawl Stone Soup version 0.25-b1-23-ge2ad7d536c (webtiles) character file.

Game seed: 11437150920582781565, levelgen mode: deterministic

128 funkygono the Conjurer (level 5, -2/38 HPs)
             Began as a Ghoul Conjurer on June 3, 2020.
             Slain by a water moccasin (4 damage)
             ... on level 4 of the Dungeon.
             The game lasted 00:06:32 (4473 turns).

funkygono the Conjurer (Ghoul Conjurer)             Turns: 4473, Time: 00:06:32

Health: -2/38      AC:  3    Str: 12    XL:     5   Next: 11%
Magic:  4/7        EV: 12    Int: 11    God:
Gold:   148        SH:  0    Dex:  9    Spells: 6/9 levels left

rFire    . . .     SeeInvis .     - Unarmed
rCold    + . .     Gourm    .   (no shield)
rNeg     + + +     Faith    .   a - +1 robe
rPois    ∞         Spirit   .   (no helmet)
rElec    .         Reflect  .   (no cloak)
rCorr    .         Harm     .   (no gloves)
MR       .....                  (no boots)
Stlth    ++........             (no amulet)
HPRegen  0.00/turn              (no ring)
MPRegen  0.10/turn              (no ring)

@: rotting
A: rotting body, claws 1, carnivore, cold resistance 1, negative energy
resistance 3, inhibited regeneration, torment resistance, unbreathing
a: no special abilities


You were on level 4 of the Dungeon.
You were not hungry.

You visited 1 branch of the dungeon, and saw 4 of its levels.

You collected 148 gold pieces.

Inventory:

Armour
 a - a +1 robe (worn)
Jewellery
 o - an uncursed ring of protection from cold
 p - an uncursed amulet of regeneration
Scrolls
 i - a scroll of remove curse
 l - a scroll of enchant weapon
 n - a scroll of identify
Potions
 d - a potion of cancellation {unknown}
 e - a potion of heal wounds
 f - a potion of curing {unknown}
 g - a potion of stabbing {unknown}
 h - a potion of berserk rage {unknown}
 j - a potion of resistance {unknown}
 k - a potion of invisibility {unknown}
 m - 2 potions of magic
Comestibles
 c - 8 rations


   Skills:
 + Level 2.1 Dodging
 + Level 2.5 Stealth
 + Level 1.9 Unarmed Combat
 + Level 2.5 Spellcasting
 + Level 4.2 Conjurations


You had 6 spell levels left.
You knew the following spells:

 Your Spells              Type           Power        Failure   Level  Hunger
a - Magic Dart            Conj           ##..         4%          1    ##.....
b - Searing Ray           Conj           ##....       8%          2    ###....

Your spell library contained the following spells:

 Spells                   Type           Power        Failure   Level  Hunger
 Dazzling Flash           Conj/Hex       #.....       34%         3    ####...
 Fulminant Prism          Conj/Hex       #.........   75%         4    #####..
 Iskenderun's Mystic Bla  Conj/Tloc      #.......     75%         4    #####..


Dungeon Overview and Level Annotations

Branches:
Dungeon (4/15)
 Temple: D:4-7

Altars:
Elyvilon
Sif Muna


Innate Abilities, Weirdness & Mutations

Your body is rotting away.
You thrive on raw meat.
You are immune to poison.
You have sharp fingernails.
You are carnivorous and can eat meat at any time.
Your flesh is cold resistant. (rC+)
You are immune to negative energy. (rN+++)
You do not regenerate when monsters are visible.
You are immune to unholy pain and torment.
You can survive without breathing.


Message History

The water moccasin is lightly wounded.
The water moccasin bites you. x2
* * * LOW HITPOINT WARNING * * *
You miss the water moccasin.
The water moccasin is lightly wounded.
The water moccasin closely misses you.
You completely miss the water moccasin.
The water moccasin is lightly wounded.
The water moccasin closely misses you.
Casting: Magic Dart (safe; 4% risk of failure)
Confirm with . or Enter, or press ? or * to list all spells.
Aiming: Magic Dart (safe; 4% risk of failure)
Press: ? - help, Shift-Dir - straight line, f/p - water moccasin
Aim: a water moccasin (lightly wounded)
The magic dart hits the water moccasin.
The water moccasin is moderately wounded.
The water moccasin bites you!
* * * LOW HITPOINT WARNING * * *
The water moccasin bites you.
You die...

#.#
##.#.###
#......#
#..###.##
#.. #..#
## ##.#
#.#
.#♣♣.♣♣#.#
......S@.#
=#♣♣.♣♣###


You could see a water moccasin.

Vanquished Creatures
  A scorpion (D:4)
  An ooze (D:2)
  A worm (D:3)
  A dart slug (D:1)
  A leopard gecko (D:4)
  6 orcs (D:3)
  3 giant cockroaches
  11 goblins
  8 hobgoblins
  7 kobolds
  3 quokkas
  8 bats
  6 frilled lizards
  6 rats
63 creatures vanquished.

Notes
Turn   | Place    | Note
-------+----------+-------------------------------------------
     0 | D:1      | funkygono the Ghoul Conjurer began the quest for the Orb.
     0 | D:1      | Reached XP level 1. HP: 14/14 MP: 2/2
   295 | D:1      | Reached XP level 2. HP: 20/20 MP: 0/3
   334 | D:1      | Learned a level 2 spell: Searing Ray
  1590 | D:2      | Reached XP level 3. HP: 24/24 MP: 0/4
  1868 | D:2      | Reached skill level 4 in Conjurations
  2373 | D:2      | Found a shimmering blue altar of Sif Muna.
  2733 | D:2      | Found a faded altar of an unknown god.
  3008 | D:3      | Reached skill level 1 in Unarmed Combat
  3172 | D:3      | Reached XP level 4. HP: 33/33 MP: 4/6
  4131 | D:3      | Found a white marble altar of Elyvilon.
  4325 | D:4      | Reached XP level 5. HP: 18/38 MP: 1/7
  4464 | D:4      | Noticed a water moccasin
  4473 | D:4      | Slain by a water moccasin

Illustrated notes

Levels and vault maps discovered:
D:1:      kennysheep_arrival_seaside, layout_basic, minmay_split_cup_large
D:2:      layout_loops_corners, lemuel_blue_sif_altar, serial_rivers,
          chequers_serial_rivers_micro_b, chequers_serial_rivers_small_b,
          chequers_serial_rivers_large_a, chequers_serial_rivers_micro_c,
          chequers_ecumenical_altar_twisty
D:3:      layout_basic, nicolae_overflow_hidden_temple
D:4:      layout_loops_ring, lemuel_doored_altar,
          minmay_temple_entry_sparse_star, gup_sewer_entry_bowl,
          minmay_tree_intersection, nicolae_elemental_shop

Skill      XL: |  1  2  3 |
---------------+----------+-----
Conjurations   | 4 |  4.2
Spellcasting   | 2 |  2.5
Dodging        | 2 |  2.1
Unarmed Combat | 1 |  1.9
Stealth        | |  2.5

Action                   |  1- 3 |  4- 6 || total
-------------------------+-------+-------++-------
Melee: Unarmed           |    54 |    48 ||   102
 Cast: Magic Dart        |    74 |    49 ||   123
       Searing Ray       |     2 |       ||     2
  Use: Scroll            |     7 |     2 ||     9
       Potion            |       |     1 ||     1
  Eat: Chunk             |    12 |     7 ||    19
Armor: Robe              |     8 |    11 ||    19
Dodge: Dodged            |    36 |    32 ||    68
